 Dungeon Crawl Stone Soup version 0.31.0-9-g3a7656b989 (webtiles) character file.

Game seed: 9955966155878961181

505 raph the Carver (level 6, 0/47 (51) HPs)
             Began as a Minotaur Fighter on Jan 25, 2024.
             Slain by Ijyb
             ... wielding a +0 club
              (2 damage)
             ... on level 4 of the Dungeon.
             The game lasted 00:05:45 (3777 turns).

raph the Carver (Minotaur Fighter)                  Turns: 3777, Time: 00:05:46

HP:   0/47 (51)     AC: 18    Str: 20    XL:     6   Next: 96%
MP:   5/5           EV:  2    Int:  5    God:
Gold: 53            SH:  4    Dex: 12    Spells: 5/5 levels left

rFire   . . .        a - +0 long sword
rCold   . . .        c - +0 buckler
rNeg    . . .        o - +0 crystal plate armour
rPois   .            (helmet restricted)
rElec   .            q - +0 cloak
rCorr   .            p - +0 pair of gloves
SInv    .            (no boots)
Will    .....        (no amulet) Stlth
                     (no ring)
HPRegen 0.27/turn    (no ring)
MPRegen 0.09/turn

%: no passive effects
@: drained
A: horns 2, retaliatory headbutt
a: no special abilities


You were on level 4 of the Dungeon.
You visited 1 branch of the dungeon, and saw 4 of its levels.

You collected 174 gold pieces.
You spent 121 gold pieces at shops.

Inventory:

Hand Weapons
 a - a +0 long sword (weapon)
Missiles
 h - 7 poisoned darts (quivered)
 j - 2 throwing nets
Armour
 b - a +0 scale mail
 c - a +0 buckler (worn)
 l - a +0 chain mail
 o - a +0 crystal plate armour (worn)
 p - a +0 pair of gloves (worn)
 q - a +0 cloak (worn)
Wands
 f - a wand of flame (47)
 n - a wand of paralysis (10)
Scrolls
 d - 4 scrolls of fog
 k - a scroll of silence
 m - a scroll of noise
 r - a scroll of teleportation
Potions
 e - a potion of mutation
 g - a potion of curing
 i - a potion of might


   Skills:
 + Level 3.6 Fighting
 * Level 9.1 Long Blades
 * Level 3.6 Armour
 + Level 0.0 Dodging
 + Level 3.6 Shields


You had 5 spell levels left.
You didn't know any spells.
Your spell library contained the following spells:

 Spells                   Type           Power      Damage    Failure   Level
 Shock                    Conj/Air       0%         1d3       100%        1
 Slow                     Hex            0%         N/A       100%        1
 Confusing Touch          Hex            0%         N/A       100%        3
 Sigil of Binding         Hex            0%         N/A       100%        3
 Swiftness                Air            0%         N/A       100%        3
 Vampiric Draining        Necr           0%         2d6       100%        3
 Airstrike                Air            0%         2d(0-16)  100%        4


Dungeon Overview and Level Annotations

Branches:
Dungeon (4/15)
 Temple: D:4-7

Altars:
Dithmenos

Shops:
D:3 *

Annotations:
D:4 Ijyb


Innate Abilities, Weirdness & Mutations

You have a pair of horns on your head.
You reflexively headbutt those who attack you in melee.


Message History

Throw: 10 darts (poison)
Press: ? - help, Q - select action, (/) - cycle Shift-Dir - straight line, f - Ijyb
Aim: Ijyb, wielding a +0 club, wearing a +0 leather armour and carrying a wand of mindburst (45% to hit)
You throw a poisoned dart. The poisoned dart barely misses Ijyb.
You barely miss Ijyb.
Ijyb zaps a wand.
Your mind is blasted!
Ijyb hits you but does no damage.
Throw: 9 darts (poison)
Press: ? - help, Q - select action, (/) - cycle Shift-Dir - straight line, f/p - Ijyb
Aim: Ijyb, wielding a +0 club, wearing a +0 leather armour and carrying a wand of mindburst (45% to hit)
You throw a poisoned dart. The poisoned dart misses Ijyb.
Ijyb hits you but does no damage.
You miss Ijyb. Ijyb hits you but does no damage.
You hit Ijyb.
Ijyb is moderately wounded.
Ijyb hits you but does no damage.
You hit Ijyb but do no damage. You headbutt Ijyb.
Ijyb is moderately wounded.
Ijyb zaps a wand.
Your mind is blasted!
Throw: 8 darts (poison)
Press: ? - help, Q - select action, (/) - cycle Shift-Dir - straight line, f/p - Ijyb
Aim: Ijyb, wielding a +0 club, wearing a +0 leather armour and carrying a wand of mindburst (moderately wounded, 45% to hit)
You throw a poisoned dart. The poisoned dart closely misses Ijyb.
Ijyb zaps a wand.
Your mind is blasted!
You barely miss Ijyb.
Ijyb is moderately wounded.
You block Ijyb's attack.
You hit Ijyb. Your headbutt misses Ijyb.
Ijyb is heavily wounded.
Ijyb zaps a wand.
You barely resist. You hit Ijyb but do no damage.
Ijyb is heavily wounded.
Ijyb hits you but does no damage.
You closely miss Ijyb.
Ijyb is heavily wounded.
Ijyb zaps a wand.
Your mind is blasted!
* * * LOW HITPOINT WARNING * * *
You barely miss Ijyb. You headbutt Ijyb.
Ijyb is severely wounded.
Ijyb hits you with a +0 club.
You die...

#.#
#............(......
#.#
#.##.###############
#(##### #.##.#
#.....# #.##.#
#####.# #.##.#
##.####.##.#
#.......##.#
#...######.#
#.#......@.#
#...####g### ##.##
#( #.# #. #.# #. #.#
#. #.# #. #.# #.
#######.#


You could see Ijyb.

Vanquished Creatures
  Eustachio (D:4)
  Edmund (D:4)
  A hound (D:4)
  Crazy Yiuf (D:4)
  4 gnolls (D:2)
  5 adders
  5 dart slugs
  3 ribbon worms
  12 orcs
  3 ball pythons
  4 bats
  11 endoplasms
  3 giant cockroaches (D:1)
  8 hobgoblins
  5 jackals (D:1)
  5 kobolds
  2 quokkas
  5 frilled lizards
  10 goblins
  7 rats
96 creatures vanquished.

Notes
Turn   | Place    | Note
-------+----------+-------------------------------------------
     0 | D:1      | raph the Minotaur Fighter began the quest for the Orb.
     0 | D:1      | Reached XP level 1. HP: 19/19 MP: 0/0
   196 | D:1      | Reached skill level 3 in Long Blades
   209 | D:1      | Reached XP level 2. HP: 26/26 MP: 1/1
   337 | D:1      | Reached skill level 4 in Long Blades
   462 | D:1      | Reached XP level 3. HP: 27/31 MP: 2/2
  1230 | D:2      | Reached skill level 5 in Long Blades
  1231 | D:2      | Reached XP level 4. HP: 28/39 MP: 3/3
  1903 | D:2      | Reached skill level 6 in Long Blades
  2312 | D:3      | Found a shadowy altar of Dithmenos.
  2336 | D:3      | Reached XP level 5. HP: 26/45 MP: 4/4
  2493 | D:3      | Found Arire's Assorted Antiques.
  2730 | D:4      | Noticed Eustachio
  2746 | D:4      | Killed Eustachio
  2747 | D:4      | Reached skill level 7 in Long Blades
  2747 | D:4      | Reached XP level 6. HP: 45/51 MP: 5/5
  2777 | D:4      | Reached skill level 8 in Long Blades
  2876 | D:3      | Bought a cloak for 121 gold pieces
  2941 | D:4      | Noticed Edmund
  2981 | D:4      | Killed Edmund
  3333 | D:4      | Reached skill level 9 in Long Blades
  3444 | D:4      | Found a runed translucent door.
  3445 | D:4      | Noticed Crazy Yiuf
  3452 | D:4      | Killed Crazy Yiuf
  3765 | D:4      | Noticed Ijyb
  3776 | D:4      | HP: 2/47 [disintegration (17)]
  3777 | D:4      | Slain by Ijyb

Illustrated notes

Levels and vault maps discovered:
D:1:      dpeg_arrival_stonehenge_8_columns, layout_basic
D:2:      layout_basic
D:3:      layout_rooms, grunt_dithmenos_smoke, serial_shops,
          nicolae_shop_real_fake_doors
D:4:      layout_loops_ring, uniq_eustachio, uniq_ijyb, uniq_crazy_yiuf_cottage,
          uniq_edmund

Skill      XL: |  1  2  3  4  5  6 |
---------------+-------------------+-----
Long Blades    | 3 4 5 6 7 9 |  9.1
Fighting       | |  3.6
Armour         | |  3.6
Shields        | |  3.6

Action                     |  1- 3 |  4- 6 || total
---------------------------+-------+-------++-------
  Melee: Long sword        |    91 |   194 ||   285
         Headbutt          |    14 |    30 ||    44
  Throw: Dart              |     4 |    12 ||    16
    Use: Scroll            |     3 |     7 ||    10
         Potion            |     1 |     4 ||     5
 Armour: Scale mail        |    56 |       ||    56
         Chain mail        |     4 |   131 ||   135
         Crystal plate arm |       |    14 ||    14
  Dodge: Dodged            |    48 |    46 ||    94
  Block: Buckler           |    21 |    33 ||    54
